 Dungeon Crawl Stone Soup version 0.21.0-37-g46506fa5f3 (webtiles) character file.

3534 hikky the Cleaver (level 9, -3/78 (79) HPs)
             Began as a Minotaur Fighter on Feb 1, 2018.
             Slain by a killer bee (7 damage)
             ... on level 8 of the Dungeon.
             The game lasted 00:29:09 (7119 turns).

hikky the Cleaver (Minotaur Fighter)                Turns: 7119, Time: 00:29:09

HP:   -3/78 (79)    AC: 12    Str: 27    XL:     9   Next: 82%
MP:   8/8           EV:  7    Int:  5    God:
Gold: 315           SH: 12    Dex: 15    Spells: 4/8 levels left

rFire    + . .     SeeInvis .   a - +0 war axe
rCold    + . .     Gourm    +   c - +0 shield
rNeg     . . .     Faith    .   k - +0 chain mail
rPois    .         Spirit   .   (helmet restricted)
rElec    .         Reflect  .   r - scarf {rC+ rF+}
rCorr    .         Harm     .   z - +0 pair of gloves
MR       .....                  (no boots)
Stlth    ..........             u - amulet of the gourmand
HPRegen  0.23/turn              q - +3 ring of strength
MPRegen  0.11/turn              x - +5 ring of dexterity

@: lethally poisoned (-3 -> -16)
A: retaliatory headbutt, horns 2
a: no special abilities


You were on level 8 of the Dungeon.
You were not hungry.

You visited 1 branch of the dungeon, and saw 8 of its levels.

You collected 315 gold pieces.

Inventory:

Hand Weapons
 a - a +0 war axe (weapon)
 f - a +6 dire flail of holy wrath
Armour
 c - a +0 shield (worn)
 k - a +0 chain mail (worn)
 r - a scarf of resistance (worn)
 z - a +0 pair of gloves (worn)
Jewellery
 q - a +3 ring of strength (left hand)
 u - an amulet of the gourmand (around neck)
 x - a +5 ring of dexterity (right hand)
Wands
 t - a wand of random effects (12)
Scrolls
 e - 3 scrolls of enchant weapon {unknown}
 g - a scroll of random uselessness {unknown}
 h - 4 scrolls of remove curse {unknown}
 m - 2 scrolls of blinking {unknown}
 p - 8 scrolls of identify {unknown}
 s - a scroll of enchant armour {unknown}
 v - a scroll of amnesia {unknown}
 w - a scroll of fog {unknown}
 y - 3 scrolls of teleportation {unknown}
 A - a scroll of fear {unknown}
Potions
 d - a potion of might
 i - a potion of haste
 j - a potion of berserk rage {unknown}
 l - 3 potions of curing {unknown}
 o - 3 potions of mutation {unknown}
 B - a potion of heal wounds {unknown}
Books
 b - a book of Air

   Spells                             Type                      Level
   a - Shock                          Conjuration/Air              1
   b - Swiftness                      Charms/Air                   2
   c - Static Discharge               Conjuration/Air              3
   d - Airstrike                      Air                          4
   e - Lightning Bolt                 Conjuration/Air              5
Comestibles
 n - 7 rations


   Skills:
 + Level 7.5 Fighting
 + Level 10.5 Axes
 + Level 9.1 Armour
 - Level 0.2 Dodging
 - Level 0.5 Stealth
 + Level 7.9 Shields
 - Level 2.0 Air Magic


You had 4 spell levels left.
You knew the following spells:

 Your Spells              Type           Power        Failure   Level  Hunger
a - Airstrike             Air            #.........   100%        4    #####..


Dungeon Overview and Level Annotations

Branches:
Dungeon (8/15)             Temple (0/1) D:7
   Lair: D:8-11

Altars:
Elyvilon
Gozag
Hepliaklqana
Makhleb
Okawaru
Trog
Vehumet
Wu Jian


Innate Abilities, Weirdness & Mutations

You reflexively headbutt those who attack you in melee.
You have a pair of horns on your head.


Message History

You block the killer bee's attack. The killer bee stings you.
* * * LOW HITPOINT WARNING * * *
You block the killer bee's attack.
You closely miss the killer bee.
You headbutt the killer bee, but do no damage.
The killer bee is heavily wounded.
You hit the killer bee but do no damage.
* * * LOW HITPOINT WARNING * * *
You feel sick.
The killer bee stings you but does no damage.
You block the killer bee's attack. The killer bee closely misses you.
You furiously retaliate!
You headbutt the killer bee. The killer bee closely misses you.
You furiously retaliate!
You headbutt the killer bee!
You kill the killer bee!
* * * LOW HITPOINT WARNING * * *
You feel sick. The killer bee stings you!
* * * LOW HITPOINT WARNING * * *
The killer bee stings you!
You die...

#.......#
#.......#....+ ......
#.......#....# ......
#.......#....# .....
##+#.......#...# ...#
#........###...###.S.##
#........#............#
#.†......#............#
#.......@y............#
#.......†#.....########
#<.......#.....#
#........#.....#
#.......##.....#
#.......#......+
#.......#......#
#....<..#......#
#.......#.......#


You could see a killer bee.

Vanquished Creatures
  Pikel (D:6)
  Sigmund (D:6)
  A hungry ghost (D:7)
  Edmund (D:4)
  Duvessa (D:4)
  A sky beast (D:7)
  4 ice beasts
  2 black bears
  A necrophage (D:5)
  2 ogres
  2 phantoms
  A bullfrog (D:6)
  Dowan (D:4)
  2 scorpions
  5 killer bees (D:8)
  5 crimson imps
  A howler monkey (D:6)
  The ghost of GuyWithAPlan the Gusty, a weakling TeAE (D:3)
  A quasit (D:7)
  A centaur zombie (D:4)
  3 orc priests
  A hound (D:6)
  3 iron imps (D:7)
  2 jellies (D:7)
  3 orc wizards
  A centaur skeleton (D:4)
  Ijyb (D:3)
  3 iguanas
  6 worker ants
  A hound zombie (D:5)
  7 adders
  A howler monkey skeleton (D:5)
  2 shadow imps
  3 oozes
  An adder skeleton (D:6)
  A worm (D:4)
  2 dart slugs
  4 leopard geckos
  26 orcs
  A ball python (D:2)
  7 giant cockroaches
  2 goblins (D:3)
  8 hobgoblins
  6 jackals
  11 kobolds
  4 quokkas
  5 bats
  8 frilled lizards
  A leopard gecko skeleton (D:5)
  8 rats
  A plant (D:2)
168 creatures vanquished.

Vanquished Creatures (others)
  A slave (D:6)
  2 orc wizards (D:6)
  A worker ant (D:6)
  An orc (D:6)
5 creatures vanquished.

Grand Total: 173 creatures vanquished

Notes
Turn   | Place    | Note
-------+----------+-------------------------------------------
     0 | D:1      | hikky the Minotaur Fighter began the quest for the Orb.
     0 | D:1      | Reached XP level 1. HP: 19/19 MP: 0/0
    92 | D:1      | Reached XP level 2. HP: 25/27 MP: 1/1
   683 | D:1      | Reached XP level 3. HP: 32/33 MP: 2/2
   984 | D:2      | Reached skill level 3 in Axes
  1245 | D:2      | Found a hazy altar of Hepliaklqana.
  1246 | D:2      | Found a radiant altar of Vehumet.
  1570 | D:3      | Reached XP level 4. HP: 41/41 MP: 3/3
  1620 | D:3      | Found a white marble altar of Elyvilon.
  1686 | D:3      | Noticed Ijyb
  1695 | D:3      | Killed Ijyb
  1779 | D:3      | Noticed GuyWithAPlan's ghost (weakling TeAE)
  1791 | D:3      | Killed GuyWithAPlan's ghost
  1791 | D:3      | Reached skill level 4 in Axes
  1821 | D:3      | Reached XP level 5. HP: 44/47 MP: 4/4
  1954 | D:3      | Noticed an ogre
  1964 | D:3      | Killed an ogre
  1964 | D:3      | Reached skill level 5 in Axes
  2591 | D:4      | Reached skill level 5 in Shields
  2591 | D:4      | Reached XP level 6. HP: 40/55 MP: 5/5
  2718 | D:4      | Reached skill level 5 in Fighting
  3059 | D:4      | Reached skill level 5 in Armour
  3097 | D:4      | Noticed Duvessa
  3098 | D:4      | Noticed Dowan
  3126 | D:4      | Found a bloodstained altar of Trog.
  3535 | D:4      | Reached XP level 7. HP: 59/62 MP: 6/6
  3723 | D:4      | Killed Dowan
  3750 | D:4      | Reached skill level 6 in Axes
  3773 | D:4      | Noticed Edmund
  3775 | D:4      | Killed Duvessa
  3837 | D:4      | Killed Edmund
  4256 | D:5      | Entered Level 5 of the Dungeon
  4348 | D:5      | Reached skill level 7 in Axes
  4348 | D:5      | Reached XP level 8. HP: 70/70 MP: 7/7
  4430 | D:5      | Learned a level 4 spell: Airstrike
  4489 | D:5      | Found an iron altar of Okawaru.
  4942 | D:5      | Found an opulent altar of Gozag.
  4943 | D:5      | Found an ornate altar of the Wu Jian Council.
  4985 | D:5      | Reached skill level 1 in Air Magic
  5261 | D:5      | You fall through a shaft!
  5296 | D:6      | Reached skill level 8 in Axes
  5318 | D:6      | Noticed Pikel
  5324 | D:6      | Killed Pikel
  5324 | D:6      | Reached XP level 9. HP: 54/77 MP: 8/8
  5338 | D:6      | Reached skill level 9 in Axes
  5769 | D:6      | Noticed Sigmund
  5786 | D:6      | Killed Sigmund
  6521 | D:7      | Reached skill level 10 in Axes
  6547 | D:7      | Found a burning altar of Makhleb.
  6780 | D:7      | Found a staircase to the Ecumenical Temple.
  7119 | D:8      | Slain by a killer bee

Skill      XL: |  1  2  3  4  5  6  7  8  9 |
---------------+----------------------------+-----
Fighting       | 4 5 6 7 |  7.5
Shields        | 4 5 6 7 |  7.9
Armour         | 4 5 6 7 9 |  9.1
Axes           | 3 4 5 7 8 10 | 10.5
Air Magic      | 2 |  2.0
Dodging        | |  0.2
Stealth        | |  0.5

Action                   |  1- 3 |  4- 6 |  7- 9 || total
-------------------------+-------+-------+-------++-------
Melee: War axe           |   105 |   153 |   243 ||   501
       Headbutt          |    20 |    24 |    68 ||   112
  Use: Potion            |       |       |     4 ||     4
  Eat: Chunk             |     1 |     6 |     6 ||    13
       Ration            |       |     2 |     2 ||     4
Armor: Scale mail        |    39 |    56 |    11 ||   106
       Chain mail        |       |       |   111 ||   111
Dodge: Dodged            |    31 |    32 |    73 ||   136
Block: Shield            |    59 |    90 |   163 ||   312
